 Dungeon Crawl Stone Soup version 0.29.0-7-g18a832c13a (webtiles) character file.

Game seed: 3204062813328993737

84 nickcage the Vexing (level 4, 0/21 HPs)
             Began as a Spriggan Enchanter on Aug 30, 2022.
             Slain by an orc wizard
             ... wielding a +2 dagger of speed
              (5 damage)
             ... on level 3 of the Dungeon.
             The game lasted 00:05:11 (2709 turns).

nickcage the Vexing (Spriggan Enchanter)            Turns: 2709, Time: 00:05:11

Health: 0/21       AC:  2    Str:  4    XL:     4   Next: 23%
Magic:  5/9        EV: 17    Int: 16    God:
Gold:   109        SH:  0    Dex: 17    Spells: 6/8 levels left

rFire   . . .      SeeInvis +   a - +1 dagger
rCold   . . .      Faith    .   (no shield)
rNeg    . . .      Spirit   .   b - +0 robe
rPois   .          Reflect  .   (helmet restricted)
rElec   .          Harm     .   (no cloak)
rCorr   .          Rampage  .   (gloves unavailable)
Will    .....                   (boots unavailable)
Stlth   +++.......              (no amulet)
HPRegen 0.07/turn               (no ring)
MPRegen 0.11/turn               (no ring)

@: very quick
A: very small, no large weapons, unfitting armour, see invisible, speed 3
a: no special abilities


You were on level 3 of the Dungeon.
You visited 1 branch of the dungeon, and saw 3 of its levels.

You collected 109 gold pieces.

Inventory:

Hand Weapons
 a - a +1 dagger (weapon)
Armour
 b - a +0 robe (worn)
Scrolls
 d - 2 scrolls of poison {unknown}
 h - a scroll of identify {unknown}
 i - 3 scrolls of teleportation {unknown}
 j - 2 scrolls of noise {unknown}
 k - a scroll of brand weapon {unknown}
 l - a scroll of amnesia {unknown}
Potions
 c - 2 potions of invisibility
 e - a potion of cancellation {unknown}
 f - 3 potions of flight {unknown}
 g - a potion of mutation {unknown}


   Skills:
 * Level 1.3 Short Blades
 - Level 2.6 Dodging
 + Level 4.7 Stealth
 - Level 2.6 Spellcasting
 - Level 6.0 Hexes


You had 6 spell levels left.
You knew the following spells:

 Your Spells              Type           Power      Damage    Failure   Level
a - Ensorcelled Hibernat  Hex/Ice        22%        N/A       9%          2

Your spell library contained the following spells:

 Spells                   Type           Power      Damage    Failure   Level
 Confusing Touch          Hex            21%        N/A       4%          3
 Tukima's Dance           Hex            21%        N/A       4%          3
 Dazzling Flash           Conj/Hex       22%        N/A       17%         3
 Summon Guardian Golem    Hex/Summ       11%        N/A       17%         3
 Summon Small Mammal      Summ           8%         N/A       19%         1
 Call Canine Familiar     Summ           2%         N/A       50%         3
 Stone Arrow              Conj/Erth      4%         3d7       50%         3
 Animate Armour           Summ/Erth      4%         N/A       88%         4
 Lehudib's Crystal Spear  Conj/Erth      1%         10d2      100%        8


Dungeon Overview and Level Annotations

Branches:
Dungeon (3/15)

Altars:


Innate Abilities, Weirdness & Mutations

You are very small and have problems with some larger weapons.
You are too small for most types of armour.
You have supernaturally acute eyesight. (SInv)
You cover ground extremely quickly. (Speed+++)


Message History

The helpless endoplasm fails to defend itself.
You impale the endoplasm!!
You kill the endoplasm!
Magic restored.
You now have 109 gold pieces (gained 12).
Found a dagger.
Found a stone staircase leading up.
An orc wizard comes into view. It is wielding a +0 dagger.
An orc comes into view. It is wielding a +0 trident.
The orc shouts!
You hear a shout!
An orc wizard comes into view. It is wielding a +2 dagger of speed.
An orc priest comes into view. It is wielding a +0 club.
The orc closely misses you.
The orc resists with significant effort.
The orc completely misses you.
The orc resists with significant effort.
The orc completely misses you.
The orc looks drowsy...
The helpless orc fails to defend itself.
You impale the orc!!
You kill the orc!
You start resting.
Magic restored.
The orc wizard casts a spell.
The orc wizard flickers and vanishes for a moment.
Things that are here:
a +0 trident; a +0 ring mail The orc wizard points at you and mumbles some strange words.
The magic dart hits you!
The orc wizard hits you with a +2 dagger of speed.
The orc wizard resists with some effort.
The orc wizard hits you with a +2 dagger of speed. x2
* * * LOW HITPOINT WARNING * * *
You are too injured to fight recklessly!
Aiming: Ensorcelled Hibernation (safe; 9% risk of failure)
Press: ? - help, Q - select action Shift-Dir - straight line, f/p - orc wizard
Aim: an orc wizard, wielding a +2 dagger of speed and wearing a +0 robe (slightly transparent, chance to affect: 45%)
The orc wizard resists with some effort.
The orc wizard hits you with a +2 dagger of speed.
You die...

. #..........##.###
.######.......#).....<..
..............#.........
............###.........
.......#.#..# #.........
.........#..# #.........
............# #.........
.......####.# #..o......
............####@#
#####.....†...)..#
.......###..######
........##..#
#####.#.....# #
#.#.##.## #####.#.##.#
#.....#.##.#
#.#####.##.#


You could see an orc wizard (invisible).

Vanquished Creatures
  3 adders
  2 dart slugs (D:2)
  An orc (D:3)
  3 ball pythons
  5 endoplasms
  4 giant cockroaches
  3 goblins (D:1)
  9 hobgoblins
  4 quokkas
  7 bats
  2 frilled lizards (D:1)
  2 kobolds
45 creatures vanquished.

Notes
Turn   | Place    | Note
-------+----------+-------------------------------------------
     0 | D:1      | nickcage the Spriggan Enchanter began the quest for the
                  | Orb.
     0 | D:1      | Reached XP level 1. HP: 9/9 MP: 5/5
   225 | D:1      | Reached skill level 4 in Hexes
   433 | D:1      | Reached XP level 2. HP: 13/13 MP: 6/6
   670 | D:1      | Learned a level 2 spell: Ensorcelled Hibernation
  1420 | D:2      | Reached skill level 5 in Hexes
  1665 | D:2      | Reached XP level 3. HP: 12/16 MP: 2/8
  2317 | D:2      | Reached skill level 6 in Hexes
  2317 | D:2      | Reached XP level 4. HP: 21/21 MP: 6/9
  2542 | D:3      | Found a faded altar of an unknown god.
  2709 | D:3      | Slain by an orc wizard

Illustrated notes

Levels and vault maps discovered:
D:1:      grunt_arrival_crossed_arrows, layout_loops_corners,
          amcnicky_mini_rare_corridor_liquid
D:2:      minmay_skewed_foursquare, layout_basic, nicolae_figureground_pulse
D:3:      layout_basic, mainiacjoe_overflow_small_starburst,
          ebering_ecumenical_altar_webs

Skill      XL: |  1  2  3 |
---------------+----------+-----
Hexes          | 4 5 6 |  6.0
Short Blades   | |  1.3
Dodging        | |  2.6
Stealth        | |  4.7
Spellcasting   | |  2.6

Action                   |  1- 3 |  4- 6 || total
-------------------------+-------+-------++-------
Melee: Dagger            |    87 |     5 ||    92
 Cast: Ensorcelled Hiber |    23 |     7 ||    30
 Stab: Sleeping          |    33 |     5 ||    38
Armor: Robe              |     5 |       ||     5
Dodge: Dodged            |    60 |     4 ||    64
